[Event "*** SCC Grand Prix: Titled Tuesday Blitz"]
[Site "Chess.com"]
[Date "2020.07.14"]
[Round "9"]
[White "Aguiar94"]
[Black "margarita_2703"]
[Result "1/2-1/2"]
[WhiteElo "2534"]
[BlackElo "2392"]
[TimeControl "180+1"]
[EndTime "11:49:49 PDT"]
[Termination "Game drawn - insufficient material"]

1. e4 Nf6 2. e5 Nd5 3. d4 d6 4.
Nf3 g6 5. Bc4 Nb6 6. Bb3 Bg7 7.
Ng5 O-O 8. Qf3 d5 9. O-O h6 10.
Nh3 c5 11. dxc5 Nc4 12. Nc3 Nxe5 13. Qxd5 Qxd5 14. Nxd5 Nbc6 15. Nhf4 e6 16. Nc7 Rb8 17. Nb5 b6 18. cxb6 Rxb6 19. a4 a6 20. Be3 Rb8 21. Nd6 Ng4 22. Bc5 Bxb2 23. Rab1 Be5 24.
g3 Rd8 25. Nxc8 Rbxc8 26. Nxg6 Bd6 27. Bxd6 Rxd6 28. Nf4 Nd4 29. Kg2 Nxb3 30. cxb3 Rd2 31. Kg1 Rcc2 32. Nh3 Rb2 33. b4 Nxf2 34. Nxf2 Rxf2 35.
Rxb2 Rxb2 36. Rf4 Ra2 37. a5 Kg7 38. Rc4 Rb2 39. Rc6 Rxb4 40. Kg2 Rb2+ 41. Kh3 Ra2 42.
Rxa6 Ra4 43. Ra8 e5 44. a6 e4 45. Kg4 Ra3 46. a7 Kf6 47. Kf4 Ra4 48. g4 Kg7 49.
h4 Kf6 50. Ke3 Kg7 51. g5 hxg5 52. hxg5 Ra3+ 53. Kxe4 Ra4+ 54. Kd3 Ra3+ 55. Kc4 Ra1 56. Kb3 Ra6 57. Kb4 Ra1 58. Kb5 Rb1+ 59. Kc6 Rc1+ 60. Kd5 Rd1+ 61. Ke4 Re1+ 62. Kf5 Rf1+ 63. Kg4 Ra1 64.
Kh5 Ra6 65. Kg4 Ra4+ 66. Kf5 Ra5+ 67. Ke4 Ra4+ 68. Kd5 Ra5+ 69. Kc6 Ra1 70. Kb7 Rb1+ 71. Kc7 Rc1+ 72. Kd6 Rd1+ 73. Kc5 Rc1+ 74. Kd4 Ra1 75.
Kc3 Ra6 76. Kb3 Ra1 77. Kb2 Ra6 78. Kb3 Ra1 79. Kb4 Rb1+ 80. Kc4 Ra1 81. Kb3 Ra6 82. Kb4 Ra1 83. g6 fxg6 84. Kb5 g5 85. Kc4 Rc1+ 86.
Kd3 Ra1 87. Ke4 Ra4+ 88. Kf5 g4 89. Ke5 g3 90. Rd8 Rxa7 91. Rd3 Ra5+ 92. Kf4 Kf6 93. Rxg3 Ra4+ 94. Ke3 Ra3+ 95. Kf2 Rxg3 96. Kxg3 1/2-1/2

[Event "*** SCC Grand Prix: Titled Tuesday Blitz"]
[Site "Chess.com"]
[Date "2020.07.14"]
[Round "9"]
[White "qingaunlee"]
[Black "Nayemhaque22"]
[Result "1-0"]
[WhiteElo "2356"]
[BlackElo "2225"]
[TimeControl "180+1"]
[EndTime "11:49:54 PDT"]
[Termination "qingaunlee won by checkmate"]

1. e4 c5 2. Nf3 Nc6 3. d4 cxd4 4. Nxd4 Nf6 5. Nc3 e5 6. Ndb5 d6 7. Bg5 a6 8. Na3 b5 9. Nd5 Be7 10. Bxf6 Bxf6 11. c3 Rb8 12. Nc2 O-O 13. h4 a5 14.
g3 b4 15. Bg2 bxc3 16. bxc3 Be6 17. Nce3 g6 18. O-O Bg7 19. a4 Ne7 20. f4 Bxd5 21.
exd5 exf4 22. Rxf4 Bxc3 23. Rc1 Be5 24. Rf3 Qb6 25. Kh2 Qd4 26. Qxd4 Bxd4 27. Rc7 Nc8 28. Ng4 Bg7 29. Nf6+ Bxf6 30. Rxf6 Rb4 31. Bh3 Rb2+ 32.
Kg1 Nb6 33. Rxd6 Rd2 34. Rxb6 Rxd5 35. Rbb7 Rd4 36. Bd7 Rd8 37. Kf2 Rd2+ 38. Ke3 Ra2 39. Ra7 Ra3+ 40. Kf4 Rd3 41. g4 Kg7 42. Ke4 Rd2 43.
Ke3 Rd6 44. g5 h6 45. Bb5 Rf8 46. Bc4 hxg5 47. hxg5 Re8+ 48. Re7 Rxe7+ 49. Rxe7 Rc6 50. Rxf7+ Kh8 51. Kd4 Rd6+ 52. Bd5 Rb6 53. Rf8+ Kg7 54. Rg8+ Kh7 55. Rc8 Kg7 56. Rc4 Kf8 57. Kc5 Rb8 58. Rf4+ Ke7 59. Rf7+ Ke8 60. Rg7 Rc8+ 61. Bc6+ Kf8 62.
Rxg6 Rb8 63. Rh6 Kg7 64. Rd6 Rb2 65. Bb5 Rc2+ 66. Kb6 Rc8 67. Kxa5 Ra8+ 68. Kb6 Rb8+ 69. Kc7 Rf8 70. a5 Rf5 71. Kb6 Rxg5 72. a6 Rh5 73. a7 Rh8 74. Kb7 Rf8 75. a8=Q Rxa8 76.
Kxa8 Kf7 77. Kb7 Ke7 78. Kc7 Kf7 79. Kd7 Kg7 80. Ke7 Kh7 81. Kf7 Kh8 82. Rh6# 1-0

[Event "*** SCC Grand Prix: Titled Tuesday Blitz"]
[Site "Chess.com"]
[Date "2020.07.14"]
[Round "9"]
[White "Manukyan_Artak"]
[Black "KNCP_719"]
[Result "1/2-1/2"]
[WhiteElo "2374"]
[BlackElo "2508"]
[TimeControl "180+1"]
[EndTime "11:51:06 PDT"]
[Termination "Game drawn - insufficient material"]

1. e4 c6 2. d4 d5 3. e5 c5 4.
dxc5 e6 5. a3 Bxc5 6. b4 Be7 7.
c4 a5 8. b5 dxc4 9. Qxd8+ Bxd8 10. Bxc4 Nd7 11. f4 Nb6 12. Bd3 Ne7 13. a4 O-O 14. Ba3 Re8 15. Nc3 Ned5 16. Nge2 Ne3 17. Kf2 Nbd5 18. Bc5 Ng4+ 19. Kf3 Nxc3 20. Nxc3 Nh6 21.
Ne4 b6 22. Nd6 Rf8 23. Be4 Rb8 24. Ba3 Be7 25. Rhc1 f6 26. exf6 Bxf6 27. Rab1 Bd7 28. Rc7 Rfd8 29. Nb7 Rbc8 30. Rbc1 Rxc7 31. Rxc7 Rc8 32.
Rxd7 Rc3+ 33. Rd3 Rc4 34. Nd6 Rxa4 35. Bc1 Be7 36. Be3 Nf7 37. Nxf7 Kxf7 38. Bxb6 Rb4 39. Bc6 a4 40. Bd8 Bc5 41. Rd7+ Kg6 42. Rd3 Rb2 43. Be4+ Kf7 44. g4 a3 45. Rd1 a2 46. b6 Bxb6 47. Bxb6 Rxb6 48. Ra1 Rb3+ 49. Kf2 Rb2+ 50. Ke3 h6 51. f5 Rxh2 52. fxe6+ Kxe6 53. Bd3 Ke5 54. Bc4 Rh3+ 55. Kf2 Rc3 56. Bxa2 Ra3 57. Re1+ Kf4 58. Be6 Rc3 59. Kf1 Kf3 60. Bf5 Ra3 61. Rd1 Ra2 62.
Rd3+ Kf4 63. Rd1 Rb2 64. Rd3 Kg5 65. Ke1 Kf4 66. Rd2 Rb3 67. Ke2 Re3+ 68. Kf2 Rh3 69. Kg2 Rg3+ 70. Kh2 Rh3+ 71. Kg2 Rg3+ 72. Kh2 Ra3 73.
Rf2+ Kg5 74. Rg2 Kh4 75. Be6 Re3 76. Kg1 Rxe6 77. g5 hxg5 78. Rh2+ Kg4 79. Rg2+ Kf5 80. Kf2 Re4 81. Kg3 Rf4 82. Rd2 Re4 83. Rd5+ Re5 84. Rd7 Kf6 85. Kf2 Rf5+ 86. Kg3 Rf4 87. Rd6+ Kf5 88.
Ra6 Rb4 89. Ra5+ Kg6 90. Ra6+ Kh5 91. Ra3 Rc4 92. Rb3 g6 93. Ra3 g4 94. Rb3 g5 95.
Ra3 Rc1 96. Ra8 Rc3+ 97. Kg2 g3 98. Ra4 Rb3 99. Rc4 Ra3 100. Rb4 Rd3 101. Rc4 Kg6 102. Rc5 Kh5 103. Rc4 Re3 104. Rb4 Kg6 105. Ra4 Kf5 106.
Rb4 Re4 107. Rxe4 Kxe4 108. Kxg3 Kf5 109. Kf3 g4+ 110. Kg3 Kf6 111. Kg2 Ke7 112. Kg3 Kd8 113. Kxg4 1/2-1/2

[Event "*** SCC Grand Prix: Titled Tuesday Blitz"]
[Site "Chess.com"]
[Date "2020.07.14"]
[Round "10"]
[White "Parhamov"]
[Black "SergeyKarjakin"]
[Result "1/2-1/2"]
[WhiteElo "3023"]
[BlackElo "2984"]
[TimeControl "180+1"]
[EndTime "11:52:07 PDT"]
[Termination "Game drawn by agreement"]

1. e4 e5 2. Nf3 Nc6 3. Bb5 Nf6 4. O-O Nxe4 5. Re1 Nd6 6. Nxe5 Be7 7. Bf1 Nxe5 8. Rxe5 O-O 9. d4 Bf6 10. Re1 Re8 11. c3 Rxe1 12. Qxe1 Ne8 13. Bf4 1/2-1/2

[Event "*** SCC Grand Prix: Titled Tuesday Blitz"]
[Site "Chess.com"]
[Date "2020.07.14"]
[Round "10"]
[White "maciek_92"]
[Black "SHIVACalypso"]
[Result "1-0"]
[WhiteElo "2620"]
[BlackElo "2441"]
[TimeControl "180+1"]
[EndTime "11:52:46 PDT"]
[Termination "maciek_92 won by resignation"]

1. d4 e6 2. Nd2 Nf6 3. Ngf3 d5 4.
c4 Be7 5. e3 O-O 6. Qc2 a6 7.
Bd3 dxc4 8. Nxc4 b5 9. Nce5 Bb7 10. Ng5 h6 11. Bh7+ Kh8 12. Nexf7+ 1-0

[Event "*** SCC Grand Prix: Titled Tuesday Blitz"]
[Site "Chess.com"]
[Date "2020.07.14"]
[Round "10"]
[White "FabianoCaruana"]
[Black "Duhless"]
[Result "1/2-1/2"]
[WhiteElo "3036"]
[BlackElo "3045"]
[TimeControl "180+1"]
[EndTime "11:52:56 PDT"]
[Termination "Game drawn by agreement"]

1. e4 Nc6 2. Nf3 d5 3. exd5 Qxd5 4. Nc3 Qd6 5. d4 Nf6 6. h3 a6 7. Bc4 e6 8. O-O Be7 9. Ne2 O-O 10. c3 b6 11. Bf4 Qd8 12. Ng3 Bb7 13. Qe2 Bd6 1/2-1/2

[Event "*** SCC Grand Prix: Titled Tuesday Blitz"]
[Site "Chess.com"]
[Date "2020.07.14"]
[Round "10"]
[White "1977Ivan"]
[Black "thedjoker98"]
[Result "1-0"]
[WhiteElo "2693"]
[BlackElo "2528"]
[TimeControl "180+1"]
[EndTime "11:53:13 PDT"]
[Termination "1977Ivan won by resignation"]

1. d4 d5 2. c4 c6 3. Nf3 Nf6 4. Nc3 dxc4 5. e4 b5 6. Be2 b4 7. Na4 Nxe4 8. Bxc4 e6 9. O-O Be7 10. Qe2 Nf6 11. Rd1 O-O 12. Ne5 a5 13. Rd3 Ba6 14. Bxa6 Rxa6 15. Bd2 Nbd7 16. Rg3 g6 17. Nxd7 Nxd7 18. Qxa6 1-0

[Event "*** SCC Grand Prix: Titled Tuesday Blitz"]
[Site "Chess.com"]
[Date "2020.07.14"]
[Round "10"]
[White "GMNickPert"]
[Black "enzovsky"]
[Result "1-0"]
[WhiteElo "2702"]
[BlackElo "2541"]
[TimeControl "180+1"]
[EndTime "11:53:20 PDT"]
[Termination "GMNickPert won by resignation"]

1. d4 Nf6 2. Nf3 g6 3. g3 Bg7 4.
Bg2 c6 5. O-O O-O 6. c4 d5 7.
cxd5 cxd5 8. Nc3 Ne4 9. Ne5 Nxc3 10. bxc3 Nc6 11. Nxc6 bxc6 12. Qa4 Qb6 13. Ba3 Re8 14. e4 e6 15. exd5 cxd5 16. Qxe8+ 1-0

[Event "*** SCC Grand Prix: Titled Tuesday Blitz"]
[Site "Chess.com"]
[Date "2020.07.14"]
[Round "10"]
[White "Speshka"]
[Black "louis198"]
[Result "1-0"]
[WhiteElo "2236"]
[BlackElo "2556"]
[TimeControl "180+1"]
[EndTime "11:53:28 PDT"]
[Termination "Speshka won by resignation"]

1. e4 e6 2. Qe2 d5 3. exd5 Qxd5 4. Nc3 Qa5 5. g3 Bd7 6. Bg2 Bc6 7. Nf3 Nf6 8. d4 Be7 9. Bd2 Qa6 10. O-O O-O 11. Ne5 Bxg2 12. Qxa6 Nxa6 13. Kxg2 c5 14. dxc5 Nxc5 15.
Be3 Rfd8 16. Rad1 a6 17. a3 b5 18. Nc6 Rxd1 19. Nxe7+ Kf8 20. Rxd1 1-0

[Event "*** SCC Grand Prix: Titled Tuesday Blitz"]
[Site "Chess.com"]
[Date "2020.07.14"]
[Round "10"]
[White "FearNoEvil12"]
[Black "isainz"]
[Result "1-0"]
[WhiteElo "2017"]
[BlackElo "2118"]
[TimeControl "180+1"]
[EndTime "11:53:48 PDT"]
[Termination "FearNoEvil12 won by resignation"]

1. e4 c5 2. Nc3 Nc6 3. f4 g6 4.
Nf3 Bg7 5. Bc4 e6 6. f5 Nge7 7.
fxg6 hxg6 8. d3 d5 9. Bb3 c4 10. Ba4 Qa5 11. Bxc6+ Nxc6 12. O-O Qb6+ 13. Kh1 d4 14. Ne2 cxd3 15. cxd3 e5 16. a3 Be6 17.
Ng5 f6 18. Nxe6 1-0

[Event "*** SCC Grand Prix: Titled Tuesday Blitz"]
[Site "Chess.com"]
[Date "2020.07.14"]
[Round "10"]
[White "chito89"]
[Black "Denmark2015"]
[Result "0-1"]
[WhiteElo "2777"]
[BlackElo "2603"]
[TimeControl "180+1"]
[EndTime "11:53:55 PDT"]
[Termination "Denmark2015 won by resignation"]

1. e4 e6 2. d4 d5 3. Nc3 Bb4 4. Ne2 dxe4 5. a3 Bxc3+ 6. Nxc3 Nc6 7. Bb5 Ne7 8. Be3 O-O 9. Qd2 f5 10. O-O-O Nd5 11. f3 f4 12. Nxd5 Qxd5 0-1

[Event "*** SCC Grand Prix: Titled Tuesday Blitz"]
[Site "Chess.com"]
[Date "2020.07.14"]
[Round "10"]
[White "KingChess345"]
[Black "Sueetin"]
[Result "0-1"]
[WhiteElo "2163"]
[BlackElo "2330"]
[TimeControl "180+1"]
[EndTime "11:53:55 PDT"]
[Termination "Sueetin won by resignation"]

1. d4 Nf6 2. Nf3 d5 3. g3 b5 4. Bg2 e6 5. O-O c5 6. a4 b4 7. c3 Be7 8. Bg5 Nbd7 9. a5 Ba6 10. Nbd2 bxc3 11. bxc3 h6 12. Bf4 O-O 13. Ne5 Nxe5 14. Bxe5 Rc8 15. Nf3 Ne4 16. Ra3 cxd4 0-1

[Event "*** SCC Grand Prix: Titled Tuesday Blitz"]
[Site "Chess.com"]
[Date "2020.07.14"]
[Round "10"]
[White "arminmusovic"]
[Black "swimmerchess"]
[Result "0-1"]
[WhiteElo "2555"]
[BlackElo "2807"]
[TimeControl "180+1"]
[EndTime "11:54:03 PDT"]
[Termination "swimmerchess won by resignation"]

1. e4 c5 2. c3 e5 3. f4 d5 4. Nf3 exf4 5. e5 Ne7 6. d4 Ng6 7. Bd3 Nc6 8. Bxg6 hxg6 9. Bxf4 Bg4 10. O-O Qb6 11. dxc5 Bxc5+ 12. Kh1 Qxb2 13. Nbd2 Qxc3 14. Rc1 Qb4 15. Nb3 Qxf4 16. Nxc5 Bxf3 17. h3 Rxh3+ 18. Kg1 Qh2+ 19. Kf2 Qxg2+ 20. Ke1 Bxd1 21. Rxd1 0-1

[Event "*** SCC Grand Prix: Titled Tuesday Blitz"]
[Site "Chess.com"]
[Date "2020.07.14"]
[Round "10"]
[White "bratkoo"]
[Black "TheCount"]
[Result "0-1"]
[WhiteElo "2467"]
[BlackElo "2694"]
[TimeControl "180+1"]
[EndTime "11:54:06 PDT"]
[Termination "TheCount won by resignation"]

1. e4 c5 2. Nf3 Nc6 3. Nc3 g6 4. d4 cxd4 5. Nxd4 Bg7 6. Be3 Nf6 7.
Bc4 d6 8. f3 O-O 9. Qd2 Bd7 10.
O-O-O Rb8 11. Kb1 Na5 12. Be2 Qc8 13. h4 Nc4 14. Bxc4 Qxc4 15. h5 Rfc8 16. hxg6 fxg6 17. g4 b5 18. g5 Nh5 19. Nd5 Re8 20. Ne2 Be6 21.
Nef4 Nxf4 22. Nxf4 Qxa2+ 0-1

[Event "*** SCC Grand Prix: Titled Tuesday Blitz"]
[Site "Chess.com"]
[Date "2020.07.14"]
[Round "10"]
[White "crossingthestreet"]
[Black "AlexSuv"]
[Result "0-1"]
[WhiteElo "2425"]
[BlackElo "2541"]
[TimeControl "180+1"]
[EndTime "11:54:40 PDT"]
[Termination "AlexSuv won by resignation"]

1. d4 Nf6 2. Bf4 d6 3. Nc3 Nbd7 4. Nf3 g6 5. e4 Bg7 6. Qd2 O-O 7.
O-O-O c6 8. Bh6 b5 9. Bd3 b4 10.
Ne2 a5 11. h4 e5 12. h5 Bxh6 13. Qxh6 Ng4 14. Qd2 Nxf2 15. hxg6 fxg6 16. dxe5 Nxh1 17. Bc4+ Kh8 18. Rxh1 Nxe5 19. Ng5 h5 20. g4 Nxc4 21. Qd4+ Qf6 0-1

[Event "*** SCC Grand Prix: Titled Tuesday Blitz"]
[Site "Chess.com"]
[Date "2020.07.14"]
[Round "10"]
[White "HouseOfDurin"]
[Black "malakismayil"]
[Result "1-0"]
[WhiteElo "2045"]
[BlackElo "2237"]
[TimeControl "180+1"]
[EndTime "11:54:46 PDT"]
[Termination "HouseOfDurin won by resignation"]

1. d4 Nf6 2. Bg5 e6 3. e4 Be7 4. Bxf6 Bxf6 5. e5 Be7 6. Qg4 O-O 7. Bd3 d6 8. Nf3 Nc6 9. h4 Nb4 10. Bxh7+ Kxh7 11. Qh5+ Kg8 12. Ng5 Nxc2+ 13. Kd1 Bxg5 14. hxg5 f5 15. g6 1-0

[Event "*** SCC Grand Prix: Titled Tuesday Blitz"]
[Site "Chess.com"]
[Date "2020.07.14"]
[Round "10"]
[White "Shuvalov"]
[Black "Josip_buje"]
[Result "1-0"]
[WhiteElo "2497"]
[BlackElo "2310"]
[TimeControl "180+1"]
[EndTime "11:54:51 PDT"]
[Termination "Shuvalov won by resignation"]

1. Nf3 d5 2. c4 c6 3. g3 Nf6 4. Bg2 Bf5 5. cxd5 cxd5 6. Qb3 Qc7 7. Nc3 e6 8. d3 Nc6 9. Bf4 Qb6 10. Qxb6 axb6 11.
O-O h6 12. Nb5 Rc8 13. a3 Be7 14. b4 O-O 15. Rfc1 Rfd8 16. Bc7 Re8 17. Bxb6 Nd7 18. Be3 f6 19. Nfd4 Nxd4 20. Nxd4 Ne5 21. Nxf5 exf5 22. Bxd5+ Kh8 23. Bxb7 1-0

[Event "*** SCC Grand Prix: Titled Tuesday Blitz"]
[Site "Chess.com"]
[Date "2020.07.14"]
[Round "10"]
[White "Iskusnyh"]
[Black "secretsuperstar7"]
[Result "1-0"]
[WhiteElo "2481"]
[BlackElo "2094"]
[TimeControl "180+1"]
[EndTime "11:54:54 PDT"]
[Termination "Iskusnyh won by resignation"]

1. d4 Nf6 2. c4 e6 3. g3 d5 4. Bg2 dxc4 5. Nf3 Nc6 6. O-O a6 7. Nbd2 Nxd4 8. Nxc4 Nxf3+ 9. Bxf3 Qxd1 10. Rxd1 Be7 11.
Bf4 O-O 12. Bxc7 Nd5 13. Bxd5 exd5 14. Nb6 Ra7 15. Bb8 1-0

[Event "*** SCC Grand Prix: Titled Tuesday Blitz"]
[Site "Chess.com"]
[Date "2020.07.14"]
[Round "10"]
[White "Carnivoras"]
[Black "jsl796"]
[Result "0-1"]
[WhiteElo "2611"]
[BlackElo "2844"]
[TimeControl "180+1"]
[EndTime "11:55:02 PDT"]
[Termination "jsl796 won by resignation"]

1. d4 Nf6 2. Nf3 g6 3. c4 Bg7 4. Nc3 O-O 5. e4 d6 6. Be2 e5 7.
O-O exd4 8. Nxd4 Re8 9. Bf3 Nbd7 10. Bg5 c6 11. Qd2 a5 12. Rad1 Qb6 13. b3 Nc5 14. Rfe1 Nfd7 15. Nc2 Ne5 16. Be2 Be6 17. Qxd6 Nxc4 18. Bxc4 Bxc3 19. Be3 Nxe4 20. Bxb6 Nxd6 21. Rxe6 Nxc4 22. Rxe8+ Rxe8 23. bxc4 Re2 24. Rc1 Bb2 25. Kf1 Rd2 26. Ke1 Bxc1 0-1

[Event "*** SCC Grand Prix: Titled Tuesday Blitz"]
[Site "Chess.com"]
[Date "2020.07.14"]
[Round "10"]
[White "BJthechessgod"]
[Black "ChelsieMonica"]
[Result "1-0"]
[WhiteElo "2314"]
[BlackElo "2392"]
[TimeControl "180+1"]
[EndTime "11:55:05 PDT"]
[Termination "BJthechessgod won by resignation"]

1. d4 e5 2. dxe5 Nc6 3. Nf3 Qe7 4. Bf4 Qb4+ 5. Bd2 Qxb2 6. Nc3 Nb4 7. Nd4 c5 8. Rb1 Qa3 9. Ndb5 Qa5 10. a3 a6 11. axb4 cxb4 12. Ra1 Qd8 13. Nd5 axb5 14. Rxa8 Bc5 15. Bxb4 Bxb4+ 16. Nxb4 Ne7 17. Nd5 O-O 18. Nxe7+ Qxe7 19. Qd6 Qg5 20. e3 Qg6 21. Qxg6 1-0

[Event "*** SCC Grand Prix: Titled Tuesday Blitz"]
[Site "Chess.com"]
[Date "2020.07.14"]
[Round "10"]
[White "MIJUAREZ"]
[Black "Roza_Idrisova"]
[Result "1-0"]
[WhiteElo "2391"]
[BlackElo "2250"]
[TimeControl "180+1"]
[EndTime "11:55:07 PDT"]
[Termination "MIJUAREZ won by resignation"]

1. e4 c6 2. d4 d5 3. Nd2 Nh6 4. h3 g6 5. Ngf3 Bg7 6. Bd3 f6 7. O-O Nf7 8. Re1 O-O 9. e5 fxe5 10. dxe5 e6 11. Nf1 Nd7 12. Bf4 Nh6 13. Qd2 Nf5 14. Bg5 Qc7 15. g4 h6 16. gxf5 hxg5 17. f6 Bh6 18.
Bxg6 Nc5 19. N1h2 Ne4 20. Bxe4 dxe4 21. Rxe4 Rd8 22. Qe3 Qh7 23. Ng4 Bd7 24. Kh2 Qg6 25.
Rg1 Kh7 26. Nxh6 Kxh6 27. Rh4+ 1-0

[Event "*** SCC Grand Prix: Titled Tuesday Blitz"]
[Site "Chess.com"]
[Date "2020.07.14"]
[Round "10"]
[White "deribas12345"]
[Black "ChessWarrior7197"]
[Result "0-1"]
[WhiteElo "2641"]
[BlackElo "2871"]
[TimeControl "180+1"]
[EndTime "11:55:18 PDT"]
[Termination "ChessWarrior7197 won by resignation"]

1. d4 d5 2. Nf3 e6 3. g3 c5 4. Bg2 Nc6 5. O-O Nf6 6. c4 cxd4 7.
cxd5 exd5 8. Nxd4 Bc5 9. Be3 Bb6 10. Nc3 O-O 11. Na4 Re8 12. Nxb6 axb6 13. h3 h6 14. a3 Ne4 15. Rc1 Nxg3 16. fxg3 Rxe3 17.
Nxc6 bxc6 18. Qd4 Rxg3 19. Qf4 Qg5 20. Qxg5 Rxg5 21. Rxc6 Bxh3 22. Rf2 Re8 0-1

[Event "*** SCC Grand Prix: Titled Tuesday Blitz"]
[Site "Chess.com"]
[Date "2020.07.14"]
[Round "10"]
[White "rugbyclub"]
[Black "barriochess"]
[Result "1-0"]
[WhiteElo "2132"]
[BlackElo "2261"]
[TimeControl "180+1"]
[EndTime "11:55:20 PDT"]
[Termination "rugbyclub won by resignation"]

1. c4 e6 2. Nc3 d5 3. d4 c5 4. cxd5 exd5 5. Nf3 Nc6 6. dxc5 d4 7. Na4 b5 8. cxb6 axb6 9. b3 Bf5 10. Bd2 Ba3 11. e3 Nge7 12. Bb5 O-O 13. O-O Qd5 14. Bc4 Qd8 15. exd4 Nxd4 16. Nxd4 Qxd4 17. Be3 Qxd1 18. Rfxd1 Rab8 19. Nxb6 Bb2 20. Rab1 Bxb1 21. Rxb1 Rfd8 22. Rxb2 1-0

[Event "*** SCC Grand Prix: Titled Tuesday Blitz"]
[Site "Chess.com"]
[Date "2020.07.14"]
[Round "10"]
[White "mattcolins2025"]
[Black "hongnhung1234"]
[Result "1-0"]
[WhiteElo "2396"]
[BlackElo "2256"]
[TimeControl "180+1"]
[EndTime "11:55:26 PDT"]
[Termination "mattcolins2025 won by checkmate"]

1. d4 Nf6 2. c4 c5 3. d5 b5 4. cxb5 a6 5. bxa6 g6 6. Nc3 Bg7 7. Nf3 O-O 8. g3 d6 9. Bg2 Bxa6 10. Rb1 Qa5 11. O-O Nbd7 12. Bd2 Rfb8 13. b3 c4 14. Qc2 cxb3 15. axb3 Nxd5 16. Nxd5 Qxd5 17. Nh4 Qe6 18. Bxa8 Rxa8 19. Qc6 Ra7 20. Be3 Ne5 21. Qe8+ Bf8 22. Bxa7 Bxe2 23. Rfe1 Nd3 24. Be3 Nxe1 25. Bh6 Nf3+ 26.
Nxf3 Bxf3 27. Qxf8# 1-0

[Event "*** SCC Grand Prix: Titled Tuesday Blitz"]
[Site "Chess.com"]
[Date "2020.07.14"]
[Round "10"]
[White "viditchess"]
[Black "FontVella8"]
[Result "1-0"]
[WhiteElo "2979"]
[BlackElo "2540"]
[TimeControl "180+1"]
[EndTime "11:55:48 PDT"]
[Termination "viditchess won by resignation"]

1. c4 e5 2. Nc3 d6 3. g3 Nc6 4.
Bg2 Be6 5. d3 Qd7 6. e4 Nge7 7.
Nge2 g6 8. Nd5 Bg7 9. h4 h6 10. Be3 Nd4 11. Bxd4 exd4 12. Nxe7 Qxe7 13. Nf4 O-O 14.
O-O a6 15. Bh3 Bxh3 16. Nxh3 b5 17. Rc1 Rab8 18. b3 f5 19. Nf4 Qf7 20. exf5 Qxf5 21.
cxb5 axb5 22. Rxc7 Rf7 23. Rxf7 Qxf7 24. Qg4 Kh7 25.
Rc1 h5 26. Qe6 Qxe6 27. Nxe6 Rb7 28. Rc6 Rd7 29. Rb6 1-0

[Event "*** SCC Grand Prix: Titled Tuesday Blitz"]
[Site "Chess.com"]
[Date "2020.07.14"]
[Round "10"]
[White "Ausbildung"]
[Black "OnePeculiarConundrum"]
[Result "1-0"]
[WhiteElo "2221"]
[BlackElo "2322"]
[TimeControl "180+1"]
[EndTime "11:55:51 PDT"]
[Termination "Ausbildung won by checkmate"]

1. e4 c5 2. c4 d6 3. Nf3 Nc6 4.
d4 cxd4 5. Nxd4 g6 6. Nc3 Bg7 7. Be3 Nf6 8. f3 O-O 9. Be2 a6 10.
O-O Nxd4 11. Bxd4 Nd7 12. Qd2 Nc5 13. Bxg7 Kxg7 14. b4 Ne6 15. Rfd1 Qb6+ 16. Kh1 Qxb4 17. Rab1 Qa5 18. f4 Nc5 19. Qd4+ f6 20. Nd5 Qd8 21.
e5 dxe5 22. Qxc5 Be6 23. Nb6 exf4 24. Rxd8 Raxd8 25. Qxe7+ Bf7 26. Nd5 f5 27. Rxb7 Rde8 28. Qf6+ Kh6 29. Rxf7 Rxf7 30. Qxf7 Rxe2 31. Kg1 Rxa2 32.
h4 f3 33. gxf3 f4 34. Nf6 Ra1+ 35. Kg2 Ra2+ 36. Kh3 Rh2+ 37. Kxh2 g5 38. Qxh7# 1-0

[Event "*** SCC Grand Prix: Titled Tuesday Blitz"]
[Site "Chess.com"]
[Date "2020.07.14"]
[Round "10"]
[White "Monmoransy"]
[Black "albano87"]
[Result "0-1"]
[WhiteElo "2611"]
[BlackElo "2502"]
[TimeControl "180+1"]
[EndTime "11:55:55 PDT"]
[Termination "albano87 won by resignation"]

1. e4 c5 2. Nf3 Nc6 3. d4 cxd4 4. Nxd4 Nf6 5. Nc3 d6 6. Be2 Nxd4 7. Qxd4 g6 8. Bg5 Bg7 9. Nd5 O-O 10. Bxf6 exf6 11. O-O-O f5 12. Qb4 Re8 13. exf5 Rxe2 14. Ne3 Bxf5 15.
Nxf5 gxf5 16. Rxd6 Qg5+ 17. Kb1 Rae8 18. Rhd1 Qxg2 19.
Rd7 Qxf2 20. Qc4 R2e6 21. Qc7 Rb6 22. b3 Rc6 0-1

[Event "*** SCC Grand Prix: Titled Tuesday Blitz"]
[Site "Chess.com"]
[Date "2020.07.14"]
[Round "10"]
[White "Iustin106"]
[Black "GjakanTati"]
[Result "0-1"]
[WhiteElo "2360"]
[BlackElo "2588"]
[TimeControl "180+1"]
[EndTime "11:55:59 PDT"]
[Termination "GjakanTati won by resignation"]

1. d4 Nf6 2. c4 e6 3. g3 d5 4. Nf3 dxc4 5. Bg2 Nc6 6. Qa4 Bb4+ 7. Bd2 Bxd2+ 8. Nbxd2 O-O 9. Qxc4 Re8 10. Qc3 Nd5 11.
Qc5 Nb6 12. O-O Qd5 13. Rfc1 Qxc5 14. Rxc5 Nd7 15. Rc3 e5 16. d5 Nd4 17. Nxd4 exd4 18. Rxc7 Rxe2 19. Nb3 d3 20. Rac1 Nb6 21. d6 d2 22. Rf1 Be6 23. Bf3 Re5 24. Nxd2 Rd8 25. Rxb7 h6 26. Rxa7 Rxd6 27. Ne4 Rd4 28. Nc3 Nc4 29. Rb7 Nd2 30. Bd1 Nxf1 31. Kxf1 Bh3+ 0-1

[Event "*** SCC Grand Prix: Titled Tuesday Blitz"]
[Site "Chess.com"]
[Date "2020.07.14"]
[Round "10"]
[White "FairChess_on_YouTube"]
[Black "OparinGrigoriy"]
[Result "1-0"]
[WhiteElo "3004"]
[BlackElo "2924"]
[TimeControl "180+1"]
[EndTime "11:56:00 PDT"]
[Termination "FairChess_on_YouTube won by resignation"]

1. e4 e5 2. Nf3 Nc6 3. Nc3 Nf6 4. Bb5 Nd4 5. Bd3 d6 6. Nxd4 exd4 7. Ne2 c5 8. c3 dxc3 9. dxc3 Be7 10. O-O O-O 11.
Ng3 Be6 12. Bc2 Re8 13. h3 Qc7 14. Bf4 Rad8 15. Re1 Qb6 16. Ba4 Rf8 17. Nf5 Bxf5 18. exf5 Qc7 19. Bg3 Ne8 20. Qe2 b5 21. Bxb5 1-0

[Event "*** SCC Grand Prix: Titled Tuesday Blitz"]
[Site "Chess.com"]
[Date "2020.07.14"]
[Round "10"]
[White "Ashedu66"]
[Black "Tolya2"]
[Result "1-0"]
[WhiteElo "2201"]
[BlackElo "2359"]
[TimeControl "180+1"]
[EndTime "11:56:05 PDT"]
[Termination "Ashedu66 won by resignation"]

1. d4 d5 2. c4 dxc4 3. e4 Nf6 4. Nc3 e5 5. d5 c6 6. Bxc4 b5 7. Bb3 b4 8. Na4 cxd5 9. exd5 Bd6 10. Bg5 Nbd7 11.
Ne2 O-O 12. O-O Ba6 13. Re1 h6 14. Bh4 Rc8 15. Rc1 Qa5 16. Rc6 Bb8 17. Bxf6 Nxf6 18.
Rxf6 gxf6 19. Ng3 Qc7 20. Nf5 Qd7 21. Qg4+ 1-0

[Event "*** SCC Grand Prix: Titled Tuesday Blitz"]
[Site "Chess.com"]
[Date "2020.07.14"]
[Round "10"]
[White "Efremov_Vlad"]
[Black "pfalcon1949"]
[Result "0-1"]
[WhiteElo "2185"]
[BlackElo "2066"]
[TimeControl "180+1"]
[EndTime "11:56:08 PDT"]
[Termination "pfalcon1949 won by resignation"]

1. d4 Nf6 2. c4 e6 3. Nf3 Bb4+ 4. Bd2 Qe7 5. g3 Nc6 6. Nc3 O-O 7. Bg2 Na5 8. b3 b6 9. O-O Bb7 10. Qc2 d5 11. Ne5 Nc6 12. cxd5 Nxd4 13. Qd3 Nf5 14. Nc6 Bxc6 15. dxc6 Rfd8 16. Qc2 Nd4 17. Qb2 Nxe2+ 18. Nxe2 Rxd2 19. Qe5 Bd6 20. Qe3 Bb4 21. a3 Ng4 22. Qf3 Ne5 23. Qe4 Bd6 24. Qe3 Rd3 25. Qc1 Rxb3 26. Qc2 Rxa3 27. f4 Rxa1 28. Rxa1 Ng4 29.
Be4 f5 30. Bd3 Bc5+ 31. Kg2 Ne3+ 0-1